 Dungeon Sprint DCSS version 0.28.0-43-g3370ac3207 (webtiles) character file.

Game seed: 11662104334563249019

9784 boopmooplesden the Warrior (level 11, 0/126 HPs)
             Began as a Minotaur Berserker on Mar 28, 2022.
             Was the Champion of Trog.
             Slain by a demonic crawler (6 damage)
             ... in the Dungeon (Sprint I: "Red Sonja").
             The game lasted 00:07:01 (2336 turns).

boopmooplesden the Warrior (Minotaur Berserker)     Turns: 2336, Time: 00:07:01

Health: 0/126      AC: 12    Str: 20    XL:     11   Next: 27%
Magic:  7/7        EV: 11    Int:  0    God:    Trog [******]
Gold:   96         SH: 11    Dex: 12    Spells: 10/10 levels left

rFire   . . .      SeeInvis .   u - +10 flail "Betos" {elec, Will+}
rCold   + + .      Faith    .   w - +0 tower shield
rNeg    . . .      Spirit   .   z - +1 ring mail of the Flute {rC+ Will- Stlth+}
rPois   +          Reflect  .   (helmet restricted)
rElec   +          Harm     .   v - +0 cloak "Bubleps" {-Tele rElec rPois}
rCorr   .          Rampage  .   (no gloves)
Will    .....      Rage     3%  A - +1 pair of boots
Stlth   .......... NoTele   +   x - amulet of the acrobat
HPRegen 0.31/turn               (no ring)
MPRegen 0.10/turn               (no ring)

@: berserking (expiring), slowed, lost intelligence, unable to read
A: horns 2, retaliatory headbutt, berserk 2, clumsy 1, cold resistance 1,
deterioration 1, dopey 2, frail 3, low MP 2, screaming 1, weak 1, no potion heal
2, subdued magic 3, devolution 2
a: Renounce Religion, Berserk, Trog's Hand, Brothers in Arms


You were in the Dungeon.
You worshipped Trog.
Trog was exalted by your worship.
You visited 1 branch You collected 1459 gold pieces.
You spent 1363 gold pieces at shops.

Inventory:

Hand Weapons
 a - a +0 hand axe
 j - a +5 spectral club
 t - the +6 morningstar of Muolaomn {vorpal, rF+}
   (Trog gifted it to you in the Dungeon)

   It inflicts extra damage upon your enemies.
   rF:        It protects you from fire.
 u - the +10 flail "Betos" (weapon) {elec, Will+}
   (You bought it in a shop in the Dungeon)

   It occasionally discharges a powerful burst of electricity upon striking a
   foe.
   Will:      It increases your willpower.
Missiles
 q - 2 throwing nets (quivered)
Armour
 b - a +0 animal skin
 h - a +0 troll leather armour
 k - a +0 leather armour
 o - a +0 pair of boots
 r - quicksilver dragon scales
 v - the +0 cloak "Bubleps" (worn) {-Tele rElec rPois}
   (You bought it in a shop in the Dungeon)

   rElec:     It insulates you from electricity.
   rPois:     It protects you from poison.
   -Tele:     It prevents most forms of teleportation.
 w - a +0 tower shield (worn)
 z - the +1 ring mail of the Flute (worn) {rC+ Will- Stlth+}
   (You bought it in a shop in the Dungeon)

   rC:        It protects you from cold.
   Will:      It decreases your willpower.
   Stlth:     It makes you more stealthy.
 A - a +1 pair of boots (worn)
Jewellery
 x - an amulet of the acrobat (around neck)
Wands
 i - a wand of flame (13)
 y - a wand of iceblast (11)
Scrolls
 m - a scroll of amnesia {unknown}
 n - a scroll of fear {unknown}
 p - a scroll of identify {unknown}
Potions
 c - 4 potions of curing
 d - a potion of heal wounds
 e - a potion of haste
 f - 2 potions of magic
 g - a potion of berserk rage
 l - a potion of resistance {unknown}
 s - a potion of cancellation {unknown}


   Skills:
 + Level 18.4 Fighting
 + Level 16.2(17.9) Axes
 + Level 12.9(16.3) Maces & Flails
 + Level 10.8 Armour
 + Level 11.1 Dodging
 + Level 8.7 Stealth
 + Level 1.9 Shields


You had 10 spell levels left.
You didn't know any spells.
Your spell library was empty.

Dungeon Overview and Level Annotations

Branches:
Dungeon (1/1)

Altars:
Cheibriados
Dithmenos
Elyvilon
Fedhas
Gozag
Hepliaklqana
Kikubaaqudgha
Makhleb
Nemelex Xobeh
Okawaru
Qazlal
Ru
Sif Muna
Trog
Uskayaw
Vehumet
Wu Jian
Xom
Yredelemnul
Zin
The Shining One
Jiyva
Lugonu

Shops:
D (*[!!:*?(*=**![!:*[[*


Innate Abilities, Weirdness & Mutations

You have a pair of horns on your head.
You reflexively headbutt those who attack you in melee.
You often lose your temper in combat.
You are clumsy. (Dex -2)
Your flesh is cold resistant. (rC+)
Your body sometimes deteriorates upon taking damage.
You are very dopey. (Int -4)
You are extremely frail. (-30% HP)
Your magical capacity is very low. (-20% MP)
You occasionally shout uncontrollably at your foes.
You are weak. (Str -2)
Potions cannot restore your health.
Your spells are much easier to cast, but much less powerful.
You have terrible hidden genetic defects.


Message History

The demonic crawler hits you but does no damage.
The demonic crawler shrieks in warning!
The demonic crawler hits you but does no damage. x3
You block the demonic crawler's attack. The demonic crawler hits you.
The demonic crawler hits you but does no damage.
You sock the demonic crawler!
You feel the power of Trog in you as your rage grows.
You kill the demonic crawler!
Trog accepts your kill.
The demonic crawler shrieks in warning!
Your Dodging skill increases to level 11!
You sock the demonic crawler!
The demonic crawler is lightly wounded.
The demonic crawler shrieks in warning!
The demonic crawler completely misses you.
The demonic crawler hits you. You block the demonic crawler's attack.
The demonic crawler hits you.
* * * LOW HITPOINT WARNING * * *
The demonic crawler hits you!
* * * LOW HITPOINT WARNING * * *
The demonic crawler hits you.
* * * LOW HITPOINT WARNING * * *
You bludgeon the demonic crawler!! You headbutt the demonic crawler!
The demonic crawler is almost dead.
The demonic crawler hits you!
* * * LOW HITPOINT WARNING * * *
The demonic crawler hits you but does no damage. x2
The demonic crawler shrieks in warning! x2
The demonic crawler closely misses you.
You block the demonic crawler's attack. x2
You bludgeon the demonic crawler!!
You kill the demonic crawler!
Trog accepts your kill. You block the demonic crawler's attack.
The demonic crawler hits you.
* * * LOW HITPOINT WARNING * * *
The demonic crawler hits you but does no damage.
A gargoyle comes into view. It is wielding a +0 mace.
You closely miss the demonic crawler.
The demonic crawler is lightly wounded.
The demonic crawler hits you.
You die...

##################
.#..'..#__#..')..#
)').#..'..'..#..s##+#
'#####'#__####..@s..#
.#...#.####()#####9.+
##..##.#§§§.)#§.# ##
_##'#_.§≈≈§§.'..#
..'..._#≈§≈.§#..#
_##_.#'##'#####'###
_###'#(#.)[.###.'.#
####)####'###.###§#
..'...'.....':∩##.#


You could see 2 demonic crawlers and a gargoyle.

Vanquished Creatures
  2 centaur warriors (D)
  Sonja (D)
  A deep troll (D)
  8 shining eyes (D)
  An oklob plant (D)
  2 demonic crawlers (D)
  2 unseen horrors (D)
  2 kobold demonologists (D)
  A hornet (D)
  A slime creature (D)
  Sigmund (D)
  A yak (D)
  2 redbacks (D)
  6 floating eyes (D)
  7 necrophages (D)
  An ogre (D)
  8 jellies (D)
  Ijyb (D)
48 creatures vanquished.

Vanquished Creatures (others)
  2 ballistomycete spores (D)
2 creatures vanquished.

Grand Total: 50 creatures vanquished

Notes
Turn   | Place    | Note
-------+----------+-------------------------------------------
     0 | D        | boopmooplesden the Minotaur Berserker began the quest for
                  | the Orb.
     0 | D        | Reached XP level 1. HP: 19/19 MP: 0/0
     3 | D        | Noticed Ijyb
    10 | D        | Killed Ijyb
    11 | D        | Reached skill level 5 in Fighting
    11 | D        | Reached skill level 5 in Axes
    11 | D        | Reached XP level 2. HP: 18/29 MP: 1/1
   188 | D        | Noticed an ogre
   191 | D        | Killed an ogre
   192 | D        | Reached skill level 7 in Fighting
   192 | D        | Reached XP level 3. HP: 40/40 MP: 2/2
   192 | D        | Reached XP level 4. HP: 48/48 MP: 3/3
   283 | D        | Noticed Sigmund
   287 | D        | Killed Sigmund
   287 | D        | Reached ** piety under Trog
   288 | D        | Reached skill level 10 in Fighting
   288 | D        | Reached skill level 10 in Axes
   288 | D        | Reached skill level 5 in Armour
   288 | D        | Reached XP level 5. HP: 52/58 MP: 4/4
   288 | D        | Reached XP level 6. HP: 59/66 MP: 5/5
   304 | D        | Found a burning altar of Makhleb.
   304 | D        | Found a viscous altar of Jiyva.
   304 | D        | Found a shimmering altar of Xom.
   304 | D        | Found a corrupted altar of Lugonu.
   304 | D        | Noticed a slime creature
   307 | D        | Killed a slime creature
   308 | D        | Reached skill level 11 in Fighting
   308 | D        | Reached skill level 5 in Dodging
   453 | D        | Noticed a kobold demonologist
   453 | D        | Noticed a floating eye
   454 | D        | Noticed a kobold demonologist
   455 | D        | Noticed a neqoxec
   458 | D        | Killed a kobold demonologist
   459 | D        | Reached skill level 12 in Fighting
   459 | D        | Reached skill level 1 in Stealth
   459 | D        | Reached XP level 7. HP: 78/78 MP: 6/6
   462 | D        | Killed a kobold demonologist
   462 | D        | Reached *** piety under Trog
   463 | D        | Reached skill level 13 in Fighting
   466 | D        | Reached XP level 8. HP: 86/86 MP: 7/7
   475 | D        | Found an ornate altar of the Wu Jian Council.
   475 | D        | Found a shimmering blue altar of Sif Muna.
   477 | D        | Found a radiant altar of Vehumet.
   517 | D        | Found Uteinosch's Distillery.
   517 | D        | Found an ancient bone altar of Kikubaaqudgha.
   517 | D        | Found a hazy altar of Hepliaklqana.
   517 | D        | Found a stormy altar of Qazlal.
   517 | D        | Found a hide-covered altar of Uskayaw.
   517 | D        | Found a blossoming altar of Fedhas.
   517 | D        | Found a bloodstained altar of Trog.
   517 | D        | Found an iron altar of Okawaru.
   517 | D        | Found a basalt altar of Yredelemnul.
   517 | D        | Found a glowing golden altar of the Shining One.
   517 | D        | Found a snail-covered altar of Cheibriados.
   517 | D        | Found a sacrificial altar of Ru.
   517 | D        | Found a glowing silver altar of Zin.
   517 | D        | Found a shadowy altar of Dithmenos.
   517 | D        | Found a white marble altar of Elyvilon.
   518 | D        | Found an opulent altar of Gozag.
   529 | D        | Reached **** piety under Trog
   530 | D        | Reached skill level 1 in Maces & Flails
   530 | D        | Found a sparkling altar of Nemelex Xobeh.
   596 | D        | Noticed a centaur warrior
   597 | D        | Noticed a centaur warrior
   604 | D        | Killed a centaur warrior
   605 | D        | Reached skill level 14 in Fighting
   608 | D        | Killed a centaur warrior
   609 | D        | Reached skill level 15 in Fighting
   609 | D        | Reached skill level 15 in Axes
   609 | D        | Reached XP level 9. HP: 97/97 MP: 8/8
   660 | D        | Noticed a deep troll
   667 | D        | Killed a deep troll
   668 | D        | Reached skill level 5 in Stealth
   680 | D        | Found Oxkeph's Armour Emporium.
   686 | D        | Bought a +0 pair of boots for 63 gold pieces
   899 | D        | Reached skill level 16 in Fighting
  1018 | D        | Noticed an oklob plant
  1026 | D        | Killed an oklob plant
  1027 | D        | Reached skill level 5 in Maces & Flails
  1073 | D        | Reached ***** piety under Trog
  1273 | D        | Killed an unseen horror
  1274 | D        | Reached XP level 10. HP: 32/108 MP: 9/9
  1522 | D        | Received a gift from Trog
  1602 | D        | Reached skill level 17 in Fighting
  1607 | D        | Reached ****** piety under Trog
  1610 | D        | Identified the +6 morningstar of Muolaomn {vorpal, rF+}
                  | (Trog gifted it to you in the Dungeon)
  1610 | D        | Received a gift from Trog
  1822 | D        | Found Fanilab's Magic Scroll Shoppe.
  1822 | D        | Found Pefesuqe's General Store.
  1822 | D        | Found Damejyul's Antique Weapon Boutique.
  1824 | D        | Found Ynygi's Assorted Antiques.
  1824 | D        | Found Tuotasodi's Jewellery Shop.
  1824 | D        | Found Pyniwn's Assorted Antiques.
  1824 | D        | Found Guic's General Store.
  1824 | D        | Found Garirur's Distillery.
  1824 | D        | Found Dount's Antique Armour Shop.
  1824 | D        | Found Duraibon's Distillery.
  1828 | D        | Found Tolon's Book Boutique.
  1829 | D        | Bought a translucent flail for 263 gold pieces
  1829 | D        | Identified the +10 flail "Betos" {elec, Will+} (You bought
                  | it in a shop in the Dungeon)
  1829 | D        | Bought a scorched cloak for 294 gold pieces
  1829 | D        | Identified the +0 cloak "Bubleps" {-Tele rElec rPois} (You
                  | bought it in a shop in the Dungeon)
  1855 | D        | Found Zalekhla's Antique Armour Emporium.
  1855 | D        | Found Fousuinlypp's Assorted Antiques.
  1856 | D        | Found Kyecitimm's General Store.
  1864 | D        | Bought a +0 tower shield for 49 gold pieces
  1870 | D        | Bought a thin bronze amulet for 140 gold pieces
  1906 | D        | Noticed Sonja
  1923 | D        | Killed Sonja
  1924 | D        | Reached skill level 10 in Armour
  1969 | D        | Found Baffipnio's Weapon Boutique.
  1983 | D        | Noticed a shining eye
  1983 | D        | Noticed a shining eye
  1983 | D        | Noticed a shining eye
  1986 | D        | Gained mutation: Your magical capacity is low. (-10% MP) [a
                  | shining eye]
  1988 | D        | Gained mutation: Your magical capacity is very low. (-20%
                  | MP) [a shining eye]
  1990 | D        | Gained mutation: You sometimes lose the ability to read
                  | scrolls when taking damage. [a shining eye]
  2010 | D        | Killed a shining eye
  2016 | D        | Gained mutation: Armour fits poorly on your strangely
                  | shaped body. [a shining eye]
  2019 | D        | Killed a shining eye
  2020 | D        | Reached skill level 10 in Dodging
  2023 | D        | Noticed a shining eye
  2023 | D        | Noticed a shining eye
  2023 | D        | Noticed a shining eye
  2023 | D        | Paralysed by a floating eye for 3 turns
  2025 | D        | Gained mutation: You tend to lose your temper in combat. [a
                  | shining eye]
  2026 | D        | Gained mutation: You are weak. (Str -2) [a shining eye]
  2027 | D        | Reached skill level 10 in Maces & Flails
  2029 | D        | Killed a shining eye
  2030 | D        | Noticed a shining eye
  2030 | D        | Noticed a shining eye
  2031 | D        | Gained mutation: Your body sometimes deteriorates upon
                  | taking damage. [a shining eye]
  2031 | D        | Paralysed by a floating eye for 4 turns
  2032 | D        | Gained mutation: Your body often deteriorates upon taking
                  | damage. [a shining eye]
  2036 | D        | Received a gift from Trog
  2041 | D        | Gained mutation: You are clumsy. (Dex -2) [a shining eye]
  2043 | D        | Gained mutation: You often lose your temper in combat. [a
                  | shining eye]
  2043 | D        | Gained mutation: You have hidden genetic defects. [a
                  | shining eye]
  2043 | D        | Gained mutation: You have an uncontrollable temper. [a
                  | shining eye]
  2044 | D        | Gained mutation: You are dopey. (Int -2) [a shining eye]
  2045 | D        | Killed a shining eye
  2046 | D        | Gained mutation: Potions are less effective at restoring
                  | your health. [a shining eye]
  2047 | D        | Gained mutation: You are frail. (-10% HP) [a shining eye]
  2047 | D        | Gained mutation: You are very frail. (-20% HP) [a shining
                  | eye]
  2048 | D        | Gained mutation: You are extremely frail. (-30% HP) [a
                  | shining eye]
  2049 | D        | Gained mutation: Your magical capacity is extremely low.
                  | (-30% MP) [a shining eye]
  2050 | D        | Gained mutation: You have terrible hidden genetic defects.
                  | [a shining eye]
  2050 | D        | Gained mutation: You are very weak. (Str -4) [a shining
                  | eye]
  2050 | D        | Lost intelligence.
  2050 | D        | Gained mutation: You are very dopey. (Int -4) [a shining
                  | eye]
  2051 | D        | Gained mutation: Your spells are a little easier to cast,
                  | but a little less powerful. [a shining eye]
  2052 | D        | Killed a shining eye
  2053 | D        | Reached skill level 18 in Fighting
  2053 | D        | Reached XP level 11. HP: 83/83 MP: 6/6
  2055 | D        | Killed a shining eye
  2055 | D        | Lost mutation: Potions are less effective at restoring your
                  | health. [a shining eye]
  2056 | D        | Reached skill level 1 in Shields
  2056 | D        | Gained mutation: Your spells are easier to cast, but less
                  | powerful. [a shining eye]
  2056 | D        | Gained mutation: Your spells are much easier to cast, but
                  | much less powerful. [a shining eye]
  2058 | D        | Killed a shining eye
  2058 | D        | Received a gift from Trog
  2060 | D        | Gained mutation: Potions are less effective at restoring
                  | your health. [a shining eye]
  2062 | D        | Gained mutation: You occasionally shout uncontrollably at
                  | your foes. [a shining eye]
  2063 | D        | Gained mutation: Potions cannot restore your health.
                  | [hidden defects]
  2064 | D        | Lost mutation: Armour fits poorly on your strangely shaped
                  | body. [a shining eye]
  2067 | D        | Killed a shining eye
  2182 | D        | Found Duduut's General Store.
  2182 | D        | Found Abeetiz's Book Boutique.
  2182 | D        | Found Ibuizej's Antique Armour Emporium.
  2183 | D        | Found Ystryi Fosku's Distillery.
  2196 | D        | Bought a brightly glowing ring mail for 189 gold pieces
  2196 | D        | Identified the +1 ring mail of the Flute {rC+ Will- Stlth+}
                  | (You bought it in a shop in the Dungeon)
  2196 | D        | Bought a pair of embroidered boots for 157 gold pieces
  2269 | D        | Bought 2 potions of mutation for 208 gold pieces
  2269 | D        | Lost mutation: You have an uncontrollable temper. [potion
                  | of mutation]
  2269 | D        | Lost mutation: You sometimes lose the ability to read
                  | scrolls when taking damage. [potion of mutation]
  2269 | D        | Lost mutation: Your body often deteriorates upon taking
                  | damage. [potion of mutation]
  2270 | D        | Lost mutation: You are very weak. (Str -4) [potion of
                  | mutation]
  2270 | D        | Lost mutation: Your magical capacity is extremely low.
                  | (-30% MP) [potion of mutation]
  2270 | D        | Gained mutation: Your flesh is cold resistant. (rC+)
                  | [potion of mutation]
  2335 | D        | HP: 6/126 [demonic crawler (5)]
  2336 | D        | Slain by a demonic crawler

Illustrated notes

Levels and vault maps discovered:
D:        dungeon_sprint_1 [red_sonja_temple_1, red_sonja_temple_small_1]

Skill      XL: |  1  2  3  4  5  6  7  8  9 10 11 |
---------------+----------------------------------+-----
Fighting       | 5 7 10 12 13 15 16 18 | 18.4
Axes           | 5 7 10 12 13 15 16 | 16.2
Armour         | 3 4 5 6 7 8 9 10 | 10.8
Dodging        | 3 4 6 7 8 10 11 | 11.1
Stealth        | 1 4 6 8 |  8.7
Maces & Flails | 3 6 11 12 | 12.9
Shields        | 1 |  1.9

Action                   |  1- 3 |  4- 6 |  7- 9 | 10-12 || total
-------------------------+-------+-------+-------+-------++-------
Melee: Hand axe          |     6 |       |       |       ||     6
       Club              |     2 |     8 |    65 |    35 ||   110
       Headbutt          |     1 |     3 |    15 |    24 ||    43
       Punch             |       |     1 |     1 |       ||     2
       Flail             |       |       |       |    54 ||    54
Invok: Berserk           |     2 |     2 |     3 |     5 ||    12
  Use: Scroll            |       |       |     1 |       ||     1
       Potion            |       |       |       |     2 ||     2
 Stab: Distracted        |       |     1 |       |     2 ||     3
       Sleeping          |       |       |     5 |     1 ||     6
Armor: Leather armour    |       |       |     4 |       ||     4
       Troll leather arm |       |       |     7 |     7 ||    14
       Quicksilver drago |       |       |       |     5 ||     5
       Ring mail         |       |       |       |    15 ||    15
Dodge: Dodged            |     1 |     1 |    36 |    27 ||    65
Block: Tower shield      |       |       |       |    22 ||    22
